General information
- name: BNet
- type: Ladder team game (AT/RT)
- host: Battle.net
- saver: 294912459158915
map: MarketSquare
- players: 8
- length: 32:15
- speed: Fast
- version: 1.26 W3XP
- replay type: Public
» download(218 KB)
Players
team 1 (loser)
Halo2 (
green | 32 APM | 1015 actions | 32:12)
7 Crypt Lord
3 Carrion Beetles
3 Spiked Carapace
1 Locust Swarm
» actions
| Build / train | 68 | |
| Enter build submenu | 31 | |
| Enter hero's abilities submenu | 8 | |
| Give item / drop item | 1 | |
| Right click | 347 | |
| Select / deselect | 491 | |
| Use ability | 69 | |
1015 total
» units
| Acolyte | 8 | |
| Ghoul | 14 | |
| Gargoyle | 8 | |
| Obsidian Statue | 3 | |
| Frost Wyrm | 12 | |
45 total
» upgrades
| Creature Carapace | 3 | |
| Creature Attack | 2 | |
| Freezing Breath | 1 | |
6 total
» buildings
| Graveyard | 1 | |
| Altar of Darkness | 2 | |
| Tomb of Relics | 1 | |
| Ziggurat | 11 | |
| Crypt | 1 | |
| Halls of the Dead | 1 | |
| Black Citadel | 1 | |
| Slaughterhouse | 1 | |
| Sacrificial Pit | 1 | |
| Boneyard | 2 | |
| Necropolis | 2 | |
| Spirit Tower | 3 | |
27 total
» build order
00:57 Graveyard
01:33 Altar of Darkness
01:37 Tomb of Relics
01:44 Ziggurat
02:03 Ziggurat
02:23 Crypt
02:28 Ziggurat
04:34 Halls of the Dead
06:56 Black Citadel
06:59 Slaughterhouse
07:09 Ziggurat
08:52 Sacrificial Pit
10:20 Boneyard
14:31 Ziggurat
14:33 Ziggurat
15:10 Necropolis
16:39 Boneyard
18:32 Ziggurat
23:12 Ziggurat
23:15 Ziggurat
23:37 Necropolis
24:05 Spirit Tower
24:07 Spirit Tower
28:54 Altar of Darkness
30:06 Ziggurat
30:08 Ziggurat
31:05 Spirit Tower
» items
| Rod of Necromancy | 1 | |
| Orb of Corruption | 1 | |
| Scroll of Town Portal | 2 | |
4 total
Mario84 (
yellow | 55 APM | 1231 actions | 22:19)
4 Blademaster
2 Wind Walk
2 Critical Strike
1 Far Seer
1 Feral Spirit
» actions
| Assign group hotkey | 13 | |
| Build / train | 61 | |
| Enter build submenu | 22 | |
| Enter hero's abilities submenu | 5 | |
| Right click | 583 | |
| Select / deselect | 252 | |
| Select group hotkey | 242 | |
| Use ability | 53 | |
1231 total
» units
| Peon | 17 | |
| Wind Rider | 6 | |
| Shaman | 8 | |
| Raider | 7 | |
38 total
» upgrades
| Ranged Weapons | 3 | |
| Armor | 2 | |
| Shaman Training | 2 | |
| Envenomed Spears | 1 | |
| Reinforced Defenses | 1 | |
| Ensnare | 1 | |
10 total
» buildings
| Altar of Storms | 1 | |
| Orc Burrow | 7 | |
| War Mill | 1 | |
| Stronghold | 1 | |
| Voodoo Lounge | 1 | |
| Beastiary | 2 | |
| Fortress | 1 | |
| Spirit Lodge | 1 | |
| Watch Tower | 6 | |
21 total
» build order
00:37 Altar of Storms
00:39 Orc Burrow
01:34 Orc Burrow
02:03 War Mill
02:59 Orc Burrow
03:29 Orc Burrow
04:50 Stronghold
04:58 Voodoo Lounge
07:13 Beastiary
07:15 Beastiary
07:18 Fortress
07:21 Spirit Lodge
09:41 Orc Burrow
12:15 Orc Burrow
12:50 Orc Burrow
15:54 Watch Tower
15:59 Watch Tower
16:01 Watch Tower
16:04 Watch Tower
16:08 Watch Tower
17:01 Watch Tower
» items
| Circlet of Nobility | 3 | |
| Scroll of Town Portal | 1 | |
4 total
RambuRu (
orange | 64 APM | 2064 actions | 32:05)
4 Blademaster
1 Wind Walk
1 Critical Strike
2 Mirror Image
2 Far Seer
1 Far Sight
1 Feral Spirit
» actions
| Assign group hotkey | 52 | |
| Basic commands | 2 | |
| Build / train | 69 | |
| ESC pressed | 1 | |
| Enter build submenu | 35 | |
| Enter hero's abilities submenu | 6 | |
| Remove unit from queue | 2 | |
| Right click | 898 | |
| Select / deselect | 481 | |
| Select group hotkey | 274 | |
| Use ability | 244 | |
2064 total
» units
| Peon | 10 | |
| Shaman | 7 | |
| Troll Witch Doctor | 2 | |
| Spirit Walker | 1 | |
| Tauren | 3 | |
| Wind Rider | 7 | |
| Kodo Beast | 2 | |
| Troll Batrider | 1 | |
| Troll Headhunter/Berserker | 2 | |
35 total
» upgrades
| Shaman Training | 2 | |
| Armor | 1 | |
| Witch Doctor Training | 2 | |
| Melee Weapons | 1 | |
6 total
» buildings
| Altar of Storms | 1 | |
| Orc Burrow | 8 | |
| Voodoo Lounge | 1 | |
| War Mill | 1 | |
| Watch Tower | 9 | |
| Stronghold | 2 | |
| Barracks | 1 | |
| Fortress | 4 | |
| Spirit Lodge | 3 | |
| Beastiary | 1 | |
| Tauren Totem | 1 | |
| Great Hall | 12 | |
44 total
» build order
00:06 Altar of Storms
00:08 Orc Burrow
01:07 Voodoo Lounge
02:08 War Mill
03:23 Watch Tower
04:03 Watch Tower
04:04 Stronghold
04:06 Barracks
04:10 Watch Tower
05:30 Orc Burrow
06:25 Fortress
06:25 Fortress
06:30 Spirit Lodge
06:32 Spirit Lodge
07:05 Orc Burrow
08:53 Spirit Lodge
08:55 Orc Burrow
09:56 Watch Tower
09:59 Watch Tower
10:09 Watch Tower
10:09 Watch Tower
10:12 Watch Tower
10:12 Watch Tower
13:03 Beastiary
13:09 Tauren Totem
13:13 Orc Burrow
15:52 Great Hall
16:30 Great Hall
17:08 Great Hall
17:14 Great Hall
17:17 Great Hall
17:22 Great Hall
17:50 Great Hall
17:57 Great Hall
17:59 Great Hall
18:03 Great Hall
18:08 Great Hall
23:43 Stronghold
24:06 Great Hall
26:05 Fortress
26:18 Orc Burrow
26:18 Orc Burrow
26:18 Orc Burrow
» items
| Healing Salve | 2 | |
| Lesser Clarity Potion | 5 | |
| Orb of Lightning | 1 | |
| Potion of Mana | 1 | |
| Potion of Healing | 1 | |
| Tiny Great Hall | 1 | |
| Scroll of Speed | 1 | |
12 total

»
jtedominesur (
purple | 44 APM | 984 actions | 22:28)
6 Blademaster
2 Wind Walk
3 Critical Strike
1 Bladestorm
» actions
| Basic commands | 1 | |
| Build / train | 63 | |
| Enter build submenu | 23 | |
| Enter hero's abilities submenu | 6 | |
| Give item / drop item | 10 | |
| Right click | 578 | |
| Select / deselect | 239 | |
| Use ability | 64 | |
984 total
» units
| Peon | 13 | |
| Wind Rider | 14 | |
| Demolisher | 10 | |
| Raider | 2 | |
39 total
» upgrades
| Spiked Barricades | 1 | |
| Ranged Weapons | 2 | |
| Armor | 2 | |
| Envenomed Spears | 1 | |
| Burning Oil | 1 | |
7 total
» buildings
| Orc Burrow | 9 | |
| Altar of Storms | 1 | |
| War Mill | 1 | |
| Voodoo Lounge | 1 | |
| Watch Tower | 4 | |
| Stronghold | 1 | |
| Fortress | 1 | |
| Beastiary | 2 | |
| Great Hall | 2 | |
| Barracks | 2 | |
24 total
» build order
00:05 Orc Burrow
00:07 Altar of Storms
00:59 War Mill
01:23 Orc Burrow
01:44 Voodoo Lounge
02:58 Watch Tower
03:11 Stronghold
03:34 Watch Tower
04:08 Watch Tower
04:26 Orc Burrow
05:13 Watch Tower
05:41 Fortress
05:53 Beastiary
06:28 Beastiary
08:02 Orc Burrow
09:05 Orc Burrow
10:55 Orc Burrow
12:19 Orc Burrow
12:24 Great Hall
14:15 Barracks
14:17 Barracks
14:31 Orc Burrow
20:34 Orc Burrow
20:39 Great Hall
» items
| Healing Salve | 4 | |
| Potion of Healing | 2 | |
| Scroll of Healing | 1 | |
| Potion of Lesser Invulnerability | 1 | |
8 total
team 2 (winner)
ALLGOLDEVRYTHAN (
teal | 51 APM | 1633 actions | 32:12)
10 Blademaster
3 Wind Walk
3 Critical Strike
1 Bladestorm
3 Mirror Image
» actions
| Assign group hotkey | 26 | |
| Basic commands | 21 | |
| Build / train | 64 | |
| Enter build submenu | 30 | |
| Enter hero's abilities submenu | 10 | |
| Remove unit from queue | 1 | |
| Right click | 733 | |
| Select / deselect | 322 | |
| Select group hotkey | 162 | |
| Use ability | 263 | |
1633 total
» units
| Peon | 20 | |
| Grunt | 4 | |
| Troll Batrider | 11 | |
35 total
» upgrades
| Reinforced Defenses | 1 | |
| Armor | 3 | |
| Troll Regeneration | 1 | |
| Ranged Weapons | 3 | |
8 total
» buildings
| Orc Burrow | 4 | |
| Altar of Storms | 1 | |
| Barracks | 1 | |
| Voodoo Lounge | 1 | |
| Stronghold | 1 | |
| War Mill | 1 | |
| Great Hall | 1 | |
| Watch Tower | 18 | |
| Spirit Lodge | 1 | |
| Fortress | 1 | |
| Beastiary | 3 | |
33 total
» build order
00:14 Orc Burrow
01:09 Altar of Storms
01:11 Barracks
01:20 Orc Burrow
02:19 Voodoo Lounge
02:56 Stronghold
03:54 War Mill
04:34 Orc Burrow
05:57 Great Hall
06:31 Watch Tower
06:32 Watch Tower
06:32 Watch Tower
06:33 Watch Tower
09:41 Watch Tower
09:44 Spirit Lodge
09:49 Watch Tower
09:50 Watch Tower
09:52 Watch Tower
09:53 Watch Tower
09:56 Watch Tower
10:08 Watch Tower
10:10 Watch Tower
11:27 Fortress
12:08 Watch Tower
12:08 Watch Tower
13:49 Beastiary
13:50 Beastiary
13:52 Beastiary
15:17 Orc Burrow
29:15 Watch Tower
29:16 Watch Tower
29:17 Watch Tower
29:19 Watch Tower
» items
| Healing Salve | 1 | |
| Periapt of Vitality | 1 | |
| Potion of Lesser Invulnerability | 1 | |
| Scroll of Town Portal | 3 | |
| Orb of Lightning | 1 | |
7 total
294912459158915 (
pink | 96 APM | 3100 actions | 32:15)
4 Archmage
2 Summon Water Elemental
2 Brilliance Aura
» actions
| Assign group hotkey | 143 | |
| Basic commands | 75 | |
| Build / train | 206 | |
| ESC pressed | 2 | |
| Enter build submenu | 55 | |
| Enter hero's abilities submenu | 4 | |
| Give item / drop item | 1 | |
| Right click | 959 | |
| Select / deselect | 434 | |
| Select group hotkey | 949 | |
| Use ability | 272 | |
3100 total
» units
| Peasant | 20 | |
| Footman | 4 | |
| Sorceress | 2 | |
| Mortar Team | 7 | |
| Gryphon Rider | 1 | |
| Dragonhawk Rider | 2 | |
| Siege Engine | 1 | |
| Spell Breaker | 2 | |
| Knight | 2 | |
41 total
» upgrades
| Gunpowder | 3 | |
| Masonry | 3 | |
| Sorceress Training | 2 | |
| Lumber Harvesting | 2 | |
| Armor | 4 | |
| Magic Sentry | 1 | |
| Fragmentation Shards | 1 | |
| Swords | 3 | |
| Flare | 1 | |
| Animal War Training | 1 | |
| Storm Hammers | 1 | |
| Cloud | 1 | |
| Priest Training | 2 | |
| Barrage | 1 | |
| Plating | 3 | |
| Long Rifles | 1 | |
| Defend | 1 | |
| Flak Cannons | 1 | |
| Flying Machine Bombs | 1 | |
| Control Magic | 1 | |
| Backpack | 1 | |
35 total
» buildings
| Altar of Kings | 2 | |
| Barracks | 1 | |
| Farm | 12 | |
| Arcane Vault | 1 | |
| Scout Tower | 29 | |
| Arcane Tower | 6 | |
| Lumber Mill | 1 | |
| Town Hall | 1 | |
| Guard Tower | 55 | |
| Keep | 4 | |
| Blacksmith | 1 | |
| Arcane Sanctum | 1 | |
| Workshop | 1 | |
| Castle | 3 | |
| Gryphon Aviary | 4 | |
122 total
» build order
00:55 Altar of Kings
00:58 Altar of Kings
01:00 Barracks
01:01 Farm
01:08 Farm
01:20 Farm
01:53 Arcane Vault
02:20 Farm
03:11 Scout Tower
03:14 Scout Tower
03:34 Arcane Tower
03:34 Arcane Tower
03:55 Lumber Mill
04:57 Town Hall
05:00 Scout Tower
05:04 Guard Tower
05:05 Guard Tower
05:13 Arcane Tower
05:14 Arcane Tower
05:19 Scout Tower
05:20 Scout Tower
05:20 Scout Tower
05:55 Guard Tower
05:55 Guard Tower
06:28 Scout Tower
06:29 Scout Tower
06:53 Keep
06:53 Keep
07:29 Guard Tower
07:30 Guard Tower
07:30 Guard Tower
07:30 Guard Tower
07:50 Blacksmith
09:20 Arcane Sanctum
09:23 Workshop
09:28 Scout Tower
09:29 Scout Tower
10:04 Guard Tower
10:04 Guard Tower
10:17 Castle
10:17 Castle
12:14 Farm
13:23 Scout Tower
13:24 Scout Tower
13:25 Scout Tower
13:26 Scout Tower
13:30 Scout Tower
13:33 Scout Tower
13:36 Scout Tower
13:40 Scout Tower
13:43 Scout Tower
13:45 Scout Tower
13:49 Scout Tower
13:55 Guard Tower
13:55 Guard Tower
13:55 Guard Tower
13:57 Guard Tower
13:57 Guard Tower
13:58 Guard Tower
14:04 Guard Tower
14:04 Guard Tower
14:06 Guard Tower
14:06 Guard Tower
14:06 Guard Tower
14:18 Guard Tower
14:20 Guard Tower
14:20 Guard Tower
14:39 Guard Tower
14:42 Guard Tower
14:45 Guard Tower
14:59 Guard Tower
14:59 Guard Tower
14:59 Guard Tower
16:24 Scout Tower
16:26 Scout Tower
16:27 Scout Tower
16:29 Scout Tower
18:15 Gryphon Aviary
18:16 Gryphon Aviary
18:17 Gryphon Aviary
18:18 Gryphon Aviary
18:43 Guard Tower
18:43 Guard Tower
18:45 Guard Tower
18:46 Guard Tower
18:46 Guard Tower
25:25 Farm
25:26 Farm
25:27 Farm
25:29 Farm
25:36 Guard Tower
25:36 Guard Tower
25:37 Guard Tower
30:59 Scout Tower
31:00 Scout Tower
31:02 Scout Tower
31:03 Scout Tower
31:11 Farm
31:12 Farm
31:13 Farm
31:35 Guard Tower
31:35 Guard Tower
31:36 Guard Tower
31:43 Guard Tower
31:43 Guard Tower
31:44 Guard Tower
» items
| Scroll of Regeneration | 9 | |
| Scroll of Town Portal | 6 | |
| Orb of Corruption | 1 | |
16 total
PR7EST (
red | 41 APM | 1320 actions | 32:12)
5 Archmage
3 Summon Water Elemental
2 Brilliance Aura
2 Paladin
1 Holy Light
1 Devotion Aura
» actions
| Build / train | 115 | |
| Enter build submenu | 71 | |
| Enter hero's abilities submenu | 7 | |
| Remove unit from queue | 5 | |
| Right click | 509 | |
| Select / deselect | 525 | |
| Use ability | 88 | |
1320 total
» units
| Peasant | 31 | |
| Footman | 10 | |
| Rifleman | 6 | |
| Knight | 9 | |
| Flying Machine | 7 | |
63 total
» upgrades
| Masonry | 2 | |
| Lumber Harvesting | 2 | |
| Animal War Training | 1 | |
| Swords | 3 | |
| Flak Cannons | 1 | |
| Flying Machine Bombs | 1 | |
| Gunpowder | 1 | |
| Plating | 1 | |
12 total
» buildings
| Altar of Kings | 1 | |
| Barracks | 3 | |
| Farm | 20 | |
| Lumber Mill | 1 | |
| Scout Tower | 26 | |
| Guard Tower | 21 | |
| Town Hall | 1 | |
| Blacksmith | 1 | |
| Keep | 1 | |
| Castle | 1 | |
| Arcane Sanctum | 1 | |
| Workshop | 3 | |
80 total
» build order
00:08 Altar of Kings
00:10 Barracks
00:12 Farm
00:56 Farm
01:40 Farm
01:56 Lumber Mill
02:02 Farm
03:03 Scout Tower
03:15 Scout Tower
03:18 Scout Tower
03:31 Guard Tower
03:42 Guard Tower
03:55 Guard Tower
04:08 Farm
04:45 Scout Tower
05:01 Barracks
05:04 Barracks
05:07 Scout Tower
05:15 Guard Tower
05:16 Farm
05:36 Scout Tower
05:38 Guard Tower
06:02 Scout Tower
06:05 Farm
06:06 Guard Tower
06:32 Guard Tower
06:33 Farm
06:43 Farm
06:56 Scout Tower
07:22 Town Hall
07:26 Scout Tower
07:28 Scout Tower
07:30 Guard Tower
07:58 Guard Tower
09:17 Scout Tower
09:19 Scout Tower
09:47 Blacksmith
09:55 Guard Tower
09:58 Guard Tower
10:01 Scout Tower
10:02 Scout Tower
10:31 Scout Tower
10:33 Scout Tower
10:35 Guard Tower
11:01 Keep
11:06 Scout Tower
11:09 Guard Tower
11:11 Scout Tower
11:55 Guard Tower
13:06 Scout Tower
13:53 Scout Tower
14:00 Scout Tower
14:17 Guard Tower
14:21 Scout Tower
14:30 Guard Tower
14:34 Scout Tower
14:37 Scout Tower
14:38 Guard Tower
15:12 Castle
15:14 Guard Tower
15:35 Scout Tower
15:48 Guard Tower
16:24 Guard Tower
16:30 Scout Tower
18:17 Arcane Sanctum
19:00 Workshop
22:35 Farm
22:36 Farm
22:38 Farm
22:39 Farm
22:44 Farm
24:17 Farm
25:30 Farm
26:07 Farm
27:19 Guard Tower
28:36 Workshop
28:57 Workshop
29:05 Farm
30:52 Farm
30:54 Farm
» items
| Potion of Healing | 3 | |
| Scroll of Town Portal | 1 | |
| Periapt of Vitality | 1 | |
5 total

»
americanaredumb (
blue | 47 APM | 1523 actions | 32:12)
4 Death Knight
2 Death Coil
2 Unholy Aura
4 Dreadlord
2 Vampiric Aura
2 Sleep
» actions
| Assign group hotkey | 20 | |
| Basic commands | 4 | |
| Build / train | 81 | |
| Enter build submenu | 16 | |
| Enter hero's abilities submenu | 8 | |
| Give item / drop item | 4 | |
| Remove unit from queue | 1 | |
| Right click | 668 | |
| Select / deselect | 292 | |
| Select group hotkey | 369 | |
| Use ability | 60 | |
1523 total
» units
| Acolyte | 13 | |
| Ghoul | 4 | |
| Crypt Fiend | 14 | |
| Obsidian Statue | 2 | |
| Frost Wyrm | 4 | |
37 total
» upgrades
| Web | 1 | |
| Creature Carapace | 3 | |
| Burrow | 1 | |
| Creature Attack | 3 | |
| Freezing Breath | 1 | |
| Ghoul Frenzy | 1 | |
10 total
» buildings
| Ziggurat | 8 | |
| Crypt | 1 | |
| Altar of Darkness | 1 | |
| Tomb of Relics | 1 | |
| Graveyard | 1 | |
| Nerubian Tower | 1 | |
| Spirit Tower | 5 | |
| Halls of the Dead | 1 | |
| Sacrificial Pit | 1 | |
| Slaughterhouse | 1 | |
| Black Citadel | 1 | |
| Boneyard | 1 | |
23 total
» build order
00:12 Ziggurat
00:57 Crypt
01:00 Altar of Darkness
01:06 Tomb of Relics
01:15 Ziggurat
01:34 Graveyard
01:43 Nerubian Tower
02:56 Spirit Tower
04:07 Halls of the Dead
05:11 Ziggurat
06:06 Ziggurat
06:48 Sacrificial Pit
08:14 Ziggurat
09:42 Slaughterhouse
11:04 Ziggurat
14:01 Spirit Tower
14:05 Ziggurat
14:07 Ziggurat
14:09 Black Citadel
17:20 Boneyard
28:25 Spirit Tower
28:33 Spirit Tower
29:01 Spirit Tower
» items
| Dust of Appearance | 1 | |
| Boots of Speed | 2 | |
| Healing Salve | 1 | |
| Circlet of Nobility | 1 | |
| Potion of Lesser Invulnerability | 1 | |
| Orb of Lightning | 1 | |
| Scroll of Speed | 4 | |
| Scroll of Town Portal | 3 | |
| Orb of Corruption | 1 | |
15 total
Chat log
(00:10 / All) ALLGOLDEVRYTHAN: HYPE BEAST WE KNOW ABOUT CHA
(00:25 / All) ALLGOLDEVRYTHAN: DON'T BUY SHOES UNLESS THEY POPULAR
(00:41 / All) ALLGOLDEVRYTHAN: ON INSTAGRAM STRAIGHT FLEXIN
(00:44 / All) Halo2: broccli is my favoite color
(02:00 / All) Halo2: your mom makes good cookies
(02:10 / All) ALLGOLDEVRYTHAN: She'll appreciate you saying that
(03:17 / All) 294912459158915: level 1 harassing retard
(06:44 / All) ALLGOLDEVRYTHAN: lucky faggot
(06:55 / Allies) americanaredumb: time for shades
(08:39 / All) ALLGOLDEVRYTHAN: yellow is a mher
(08:57 / All) ALLGOLDEVRYTHAN: don't tell me you're not
(09:19 / All) ALLGOLDEVRYTHAN: miserable faggot
(10:16 / Allies) PR7EST: gold plz
(10:19 / All) ALLGOLDEVRYTHAN: went straighht for the softest target
(10:22 / All) ALLGOLDEVRYTHAN: HE'S MAGICAL!
(13:13 / Allies) PR7EST: thansk
(13:30 / All) ALLGOLDEVRYTHAN: love how your'e always there for that yellow
(14:08 / Allies) PR7EST: lumber please
(14:55 / Allies) americanaredumb: red get reveal
(15:09 / Allies) PR7EST: ok
(15:58 / Allies) 294912459158915: Help niggas
(16:03 / Allies) ALLGOLDEVRYTHAN: I'm massing bats
(16:13 / Allies) 294912459158915: ty
(16:22 / All) ALLGOLDEVRYTHAN: thx
(18:33 / All) ALLGOLDEVRYTHAN: lawl
(19:53 / Allies) 294912459158915: peons
(19:58 / Allies) 294912459158915: expo there
(20:30 / Allies) ALLGOLDEVRYTHAN: where is purpls air
(20:41 / Allies) ALLGOLDEVRYTHAN: ping
(20:53 / All) Mario84: gg purple feeding
(20:55 / All) Mario84: orange is afk
(21:07 / All) ALLGOLDEVRYTHAN: you suck
(21:16 / All) Mario84: says the guy who cries map hack when his peons get owned
(21:17 / All) Mario84: Lawl
(21:19 / All) 294912459158915: I beat green with just mortars
(21:20 / All) Mario84: teal grow up
(21:25 / All) ALLGOLDEVRYTHAN: mher you suck
(21:29 / All) Mario84: cause he wasn't smart enough
(21:33 / All) Mario84: to tp properly
(21:39 / All) Mario84: team sucks
(21:44 / All) 294912459158915: You are part of it
(21:44 / All) Mario84: can't win with purple feeding with catapults
(21:45 / All) Mario84: Look
(21:49 / All) Mario84: its hilarious
(21:51 / All) ALLGOLDEVRYTHAN: Raped
(21:51 / All) Mario84: Right
(21:52 / Allies) americanaredumb: gold
(21:57 / All) Mario84: which is why you can't destroy my base pink
(22:01 / All) Mario84: lulz
(22:08 / All) 294912459158915: I haven't tried
(22:08 / All) Mario84: anyway
(22:09 / All) ALLGOLDEVRYTHAN: lulz
(22:11 / All) Mario84: Lost to noobs
(22:14 / All) Mario84: cause of noobs
(22:16 / All) Mario84: no biggie
(22:19 / All) 294912459158915: You are 1-8
(22:25 / All) 294912459158915: That is one of the worst records I have seen
(22:31 / Allies) PR7EST: lumber
(22:36 / All) ALLGOLDEVRYTHAN: series of fortunate events for yellow
(22:45 / All) ALLGOLDEVRYTHAN: I still got the mask fo death thanks to purple LOL
(23:16 / Specific player) 294912459158915: Teal and I are working together, we are going to team kill our side
(23:19 / Specific player) 294912459158915: and get you the win
(23:24 / Specific player) 294912459158915: So don't leave so we can do our work
(23:27 / Specific player) 294912459158915: Alright?
(23:44 / Allies) PR7EST: lumber please
(26:47 / All) ALLGOLDEVRYTHAN: I love that tehy both went wyverns
(26:59 / Specific player) 294912459158915: When you hit I'm going to hall blue
(28:11 / Allies) americanaredumb: ill die
(28:18 / Allies) 294912459158915: Not if you knew how to micro
(29:38 / Allies) americanaredumb: pink get out of my base
(29:43 / Allies) 294912459158915: Help teal
(29:52 / Allies) americanaredumb: get out or i kill u
(30:13 / All) 294912459158915: Blue refuses to help our team
(30:15 / All) 294912459158915: he is a scrub
(30:22 / All) americanaredumb: pinks a losaer
(30:27 / All) americanaredumb: i tk now
(30:27 / All) 294912459158915: At least I don't suck
(30:34 / All) 294912459158915: Try it
(30:37 / All) 294912459158915: You couldn't if you wanted to
(30:46 / All) americanaredumb: starters kill shades
(31:34 / All) americanaredumb: hide in ur base chicken
(31:39 / All) 294912459158915: You can't take it?
(31:44 / All) americanaredumb: i want ex
(31:58 / All) ALLGOLDEVRYTHAN: I, ARASHICAGE!
(32:05 / All) 294912459158915: I can actually help my allies